 Dungeon Crawl Stone Soup version 0.21-a0-404-g291f19a (webtiles) character file.

4565 Madydog the Slasher (level 10, -15/79 HPs)
             Began as a Demonspawn Berserker on Oct 27, 2017.
             Was a High Priest of Trog.
             Shot with a bolt by an orc warrior (17 damage)
             ... in a bailey on Oct 28, 2017.
             The game lasted 00:37:41 (7211 turns).

Madydog the Slasher (Demonspawn Berserker)          Turns: 7211, Time: 00:37:42

Health: -15/79     AC: 12    Str: 21    XL:     10   Next: 18%
Magic:  0/10       EV: 13    Int: 13    God:    Trog [*****.]
Gold:   192        SH:  0    Dex: 12    Spells: 9/9 levels left

rFire    + . .     SeeInvis .   z - +2 long sword (flame)
rCold    . . .     Gourm    .   (no shield)
rNeg     . . .     Faith    .   G - +1 ring mail of Hedging {+Inv Int+4}
rPois    +         Spirit   +   (no helmet)
rElec    .         Reflect  +   q - +1 cloak {rPois}
rCorr    .         Harm     .   (no gloves)
MR       .....                  (no boots)
Stlth    ..........             j - +5 amulet of reflection
HPRegen  0.23/turn              x - ring of protection from fire
MPRegen  0.12/turn              (no ring)

@: confused
A: talons 1, molten scales 2, demonic guardian 1, magic shield
a: Berserk, Trog's Hand, Brothers in Arms, Burn Spellbooks, Renounce Religion,
Evoke Invisibility


You were in a bailey.
You worshipped Trog.
Trog was extremely pleased with you.
You were not hungry.

You visited 1 branch of the dungeon, and saw 8 of its levels.
You also visited: Bailey.

You collected 484 gold pieces.
You spent 292 gold pieces at shops.

Inventory:

Hand Weapons
 a - a +0 hand axe
 z - a +2 long sword of flaming (weapon)
 I - a +3 battleaxe
 J - a +1 falchion
 K - a +3 war axe
Armour
 b - a +0 animal skin
 o - a +0 chain mail
 q - a +1 cloak of poison resistance (worn)
 G - the +1 ring mail of Hedging (worn) {+Inv Int+4}
   (You found it on level 5 of the Dungeon)

   It affects your intelligence (+4).
   It lets you turn invisible.
Jewellery
 j - a +5 amulet of reflection (around neck)
 x - a ring of protection from fire (left hand)
 F - an uncursed amulet of harm {unknown}
Scrolls
 e - a scroll of blinking {unknown}
 f - 2 scrolls of fog
 k - 2 scrolls of enchant armour {unknown}
 l - 3 scrolls of fear
 m - 2 scrolls of magic mapping {unknown}
 s - 2 scrolls of remove curse
 t - a scroll of immolation {unknown}
 u - 4 scrolls of teleportation
 y - 3 scrolls of enchant weapon {unknown}
 A - a scroll of recharging {unknown}
 M - a scroll of amnesia {unknown}
 N - a scroll of identify
Potions
 g - 2 potions of ambrosia
 h - a potion of mutation {unknown}
 i - 3 potions of might {unknown}
 p - 6 potions of curing
 r - a potion of magic {unknown}
 v - a potion of haste {unknown}
 B - 2 potions of heal wounds {unknown}
 C - 2 potions of lignification {unknown}
Comestibles
 c - 7 bread rations
 d - 5 fruits
 n - 4 meat rations
 w - a royal jelly


   Skills:
 + Level 7.1 Fighting
 + Level 7.4 Long Blades
 + Level 7.0 Axes
 + Level 6.1 Armour
 + Level 4.7 Dodging
 - Level 0.5 Stealth


You had 9 spell levels left.
You didn't know any spells.

Dungeon Overview and Level Annotations

Branches:
Dungeon (8/15)             Temple (0/1) D:7
   Lair: D:8-11

Altars:
Dithmenos
Fedhas
Hepliaklqana
Kikubaaqudgha
Okawaru
Vehumet
Xom
The Shining One

Shops:
D:5 (((!:

Annotations:
D:3 1 runed door


Innate Abilities, Weirdness & Mutations

You have sharp toenails.
You are mostly covered in molten scales. (AC +3)
A weak demonic guardian rushes to your aid.
When hurt, damage is shared between your health and your magic reserves.


Message History

The bolt hits the orc warrior!!
Your white imp closely misses the orc knight.
The orc knight hits you from afar with a glaive!!
* * * LOW HITPOINT WARNING * * *
Your white imp hits the orc knight.
Your white imp freezes the orc knight.
You open the door.
An orc and an orc warrior come into view.
The orc warrior shouts!
The orc warrior shoots a bolt.
The bolt closely misses you.
The orc knight roars a battlecry!
The orc goes into a battle-frenzy!
Your white imp hits the orc knight but does no damage.
You hear a shout!
Found 467 gold pieces.
You are confused.
You feel invigorated.
The orc knight hits you from afar with a glaive!
* * * LOW HITPOINT WARNING * * *
The orc warrior shoots a bolt.
The bolt hits you!!
You die...

### #######∩#########
....##.∩.##...((##
≈≈≈..#(..#5(≈≈≈..#
≈o≈≈..(.(..≈5o≈≈@#
ooo≈.......≈ooo≈.'...#
≈o≈≈.......≈≈o≈≈.#..$#
≈≈≈..#...#..≈≈≈..#...#
....##...##.....## ..#
#######∩######### o##
### #


You could see 2 orc knights, 4 orc warriors, a friendly iron imp and a friendly
white imp.

Vanquished Creatures
  Maurice (D:8)
  4 yaks (D:7)
  A necrophage (D:8)
  3 orc warriors
  A phantom (D:4)
  4 ogres
  3 centaurs
  A bullfrog (D:6)
  2 scorpions
  9 wights (D:6)
  4 howler monkeys
  A vampire bat (D:5)
  A centaur zombie (D:6)
  A crimson imp (D:6)
  2 hounds
  4 jellies
  6 orc priests
  5 orc wizards
  2 bullfrog skeletons (D:6)
  Jessica (D:3)
  7 worker ants
  2 iguanas
  A hound zombie (D:8)
  4 gnolls
  A howler monkey skeleton (D:4)
  8 adders
  3 shadow imps
  4 worms
  2 dart slugs
  3 leopard geckos
  20 orcs
  8 bats
  4 bat skeletons (D:5)
  2 bat zombies (D:5)
  9 giant cockroaches
  7 goblins
  7 hobgoblins
  13 jackals
  10 kobolds
  4 quokkas
  2 ball pythons
  2 frilled lizards
  A leopard gecko skeleton (D:6)
  6 rats
186 creatures vanquished.

Vanquished Creatures (collateral kills)
  A two-headed ogre (D:8)
  A yak (D:7)
  Menkaure (D:5)
  An orc warrior (Bailey)
  A black bear (D:7)
  A centaur (D:7)
  A vampire bat (D:5)
  An orc wizard (D:4)
  Ijyb (D:3)
  An adder (D:5)
  4 orcs
  A giant cockroach (D:3)
  A hobgoblin (D:3)
  2 rats (D:2)
18 creatures vanquished.

Grand Total: 204 creatures vanquished

Notes
Turn   | Place    | Note
-------+----------+-------------------------------------------
     0 | D:1      | Madydog the Demonspawn Berserker began the quest for the Orb.
     0 | D:1      | Reached XP level 1. HP: 18/18 MP: 1/1
    64 | D:1      | Gained mutation: You have sharp toenails. [demonic ancestry]
    64 | D:1      | Reached XP level 2. HP: 12/24 MP: 2/2
   549 | D:1      | Gained mutation: A weak demonic guardian rushes to your aid. [demonic ancestry]
   549 | D:1      | Reached XP level 3. HP: 25/29 MP: 3/3
   725 | D:2      | Reached ** piety under Trog
  1204 | D:2      | Gained mutation: You are partially covered in molten scales. (AC +2) [demonic ancestry]
  1204 | D:2      | Reached XP level 4. HP: 8/37 MP: 4/4
  1494 | D:2      | Found an iron altar of Okawaru.
  1981 | D:3      | Reached XP level 5. HP: 31/42 MP: 5/5
  2116 | D:3      | HP: 2/42 [orc priest/divine providence (14)]
  2466 | D:3      | Reached *** piety under Trog
  2515 | D:3      | Noticed Ijyb
  2529 | D:3      | Killed Ijyb
  2818 | D:3      | Found a runed door.
  2819 | D:3      | Found a glowing golden altar of the Shining One.
  2819 | D:3      | Noticed an angel
  3050 | D:3      | Noticed Jessica
  3053 | D:3      | Killed Jessica
  3053 | D:3      | Gained mutation: When hurt, damage is shared between your health and your magic reserves. [demonic ancestry]
  3053 | D:3      | Reached XP level 6. HP: 49/49 MP: 6/6
  3118 | D:4      | Reached skill level 5 in Axes
  3194 | D:4      | Reached XP level 7. HP: 52/55 MP: 7/7
  3390 | D:4      | Found a blossoming altar of Fedhas.
  3390 | D:4      | Found a radiant altar of Vehumet.
  3392 | D:4      | Found a shimmering altar of Xom.
  3516 | D:4      | Reached skill level 5 in Fighting
  3763 | D:5      | Entered Level 5 of the Dungeon
  3763 | D:5      | Found Xoschaoxa's Weapon Emporium.
  3799 | D:5      | Bought a +2 long sword of flaming for 256 gold pieces
  3822 | D:5      | Reached **** piety under Trog
  3843 | D:5      | Found Odenid's Antique Weapon Boutique.
  3885 | D:5      | Noticed Menkaure
  3896 | D:5      | Killed Menkaure
  3896 | D:5      | Reached XP level 8. HP: 42/62 MP: 4/8
  4092 | D:5      | Found Ydueckawk's Weapon Shop.
  4188 | D:5      | Found a shadowy altar of Dithmenos.
  4277 | D:5      | Found Riost's Distillery.
  4285 | D:5      | Bought a potion of curing for 36 gold pieces
  4307 | D:5      | Found Ycoogarr's Book Shop.
  4433 | D:5      | Found an ancient bone altar of Kikubaaqudgha.
  4435 | D:5      | Reached skill level 1 in Long Blades
  4441 | D:5      | Got a steaming ring mail
  4452 | D:5      | Identified the cursed +1 ring mail of Hedging {+Inv Int+4} (You found it on level 5 of the Dungeon)
  5206 | D:6      | Reached XP level 9. HP: 43/69 MP: 4/9
  5670 | D:6      | Reached ***** piety under Trog
  5952 | D:7      | Reached skill level 5 in Long Blades
  5969 | D:7      | Reached skill level 5 in Armour
  6036 | D:7      | HP: 2/70 [yak (12)]
  6543 | D:7      | Found a staircase to the Ecumenical Temple.
  6660 | D:8      | Noticed Maurice
  6666 | D:8      | Killed Maurice
  6681 | D:8      | Noticed a two-headed ogre
  6697 | D:8      | Killed a two-headed ogre
  6697 | D:8      | Gained mutation: You are mostly covered in molten scales. (AC +3) [demonic ancestry]
  6697 | D:8      | Reached XP level 10. HP: 71/77 MP: 10/10
  6788 | D:8      | Found a hazy altar of Hepliaklqana.
  7045 | D:8      | Found a flagged portal.
  7054 | Bailey   | Entered a bailey
  7054 | Bailey   | Noticed an orc knight
  7056 | Bailey   | Noticed an orc knight
  7209 | Bailey   | HP: 3/79 [orc knight/glaive (31)]
  7211 | Bailey   | Shot with a bolt by an orc warrior

Vault maps used:
D:1:      lightli_arrival_farm
D:2:      kennysheep_okawaru_gauntlet, minmay_misc_feat_roman,
          minmay_three_crescents
D:3:      lemuel_angel_altar, uniq_ijyb, uniq_jessica
D:4:      gammafunk_temple_overflow_forgotten
D:5:      grunt_dithmenos_smoke, kennysheep_vampire_church, first_bread,
          serial_shops, kennysheep_mini_moat, nicolae_shop_statue_plus, shop,
          shop, shop, uniq_menkaure
D:7:      minmay_temple_entry_poolview
D:8:      grunt_qazlal_clouds, kennysheep_little_box, erik_lair_orcish_takeover,
          special_room, enter_bailey_3, uniq_maurice
Bailey:   bailey_polearm_4, bailey

Skill      XL: |  1  2  3  4  5  6  7  8  9 10 |
---------------+-------------------------------+-----
Axes           | 3 4 5 6 7 |  7.0
Armour         | 2 3 4 5 6 |  6.1
Dodging        | 2 3 4 |  4.7
Fighting       | 4 5 6 7 |  7.1
Long Blades    | 4 6 7 |  7.4
Stealth        | |  0.5

Action                   |  1- 3 |  4- 6 |  7- 9 | 10-12 || total
-------------------------+-------+-------+-------+-------++-------
Melee: Hand axe          |    93 |   168 |   109 |       ||   370
       Kick              |    20 |    43 |    98 |     8 ||   169
       Long sword        |       |       |   167 |    36 ||   203
Invok: Trog's Hand       |     1 |       |       |       ||     1
       Berserk           |       |     2 |     3 |     1 ||     6
       Burn Spellbooks   |       |     1 |     2 |       ||     3
  Use: Scroll            |       |     4 |     4 |       ||     8
       Potion            |       |       |     1 |     1 ||     2
 Stab: Distracted        |       |     1 |       |       ||     1
  Eat: Chunk             |       |     7 |    11 |     2 ||    20
       Bread ration      |       |     1 |       |     1 ||     2
Armor: Animal skin       |    15 |    18 |       |       ||    33
       Chain mail        |       |    47 |    82 |       ||   129
       Ring mail         |       |       |    50 |    18 ||    68
Dodge: Dodged            |    61 |   102 |   121 |    40 ||   324
Block: Other             |       |    24 |    67 |    12 ||   103
       Reflection        |       |     1 |     5 |     1 ||     7
       Rpst.: Long sword |       |       |    29 |     8 ||    37

Table legend:
 A = Spawn XP
 B = Non-spawn XP
 C = Spawn XP percentage of total XP
 D = Spawn monster count
 E = Non-spawn monster count
 F = Spawn count percentage of total count
 G = Total turns spent on level
                    A         B        C        D         E        F      G
               +---------+---------+-------+---------+---------+-------+---------
         Total |       0 |    6522 |   0.0 |       0 |     204 |   0.0 |  7211
               +---------+---------+-------+---------+---------+-------+---------
           D:1 |       0 |      44 |   0.0 |       0 |      19 |   0.0 |   708
           D:2 |       0 |     144 |   0.0 |       0 |      34 |   0.0 |  1465
           D:3 |       0 |     227 |   0.0 |       0 |      36 |   0.0 |   939
           D:4 |       0 |     836 |   0.0 |       0 |      24 |   0.0 |   651
           D:5 |       0 |     457 |   0.0 |       0 |      24 |   0.0 |   855
           D:6 |       0 |    1305 |   0.0 |       0 |      28 |   0.0 |  1148
           D:7 |       0 |    1488 |   0.0 |       0 |      19 |   0.0 |   893
           D:8 |       0 |    1613 |   0.0 |       0 |      17 |   0.0 |   395
        Bailey |       0 |     408 |   0.0 |       0 |       3 |   0.0 |   157
               +---------+---------+-------+---------+---------+-------+---------
